 Dungeon Crawl Stone Soup version 0.30-a0-916-g9813417 (webtiles) character file.

Game seed: 4516671765646639913

11 Dorkslayer the Trooper (level 2, -2/19 HPs)
             Began as a Gargoyle Fighter on Apr 20, 2023.
             Frozen to death by an endoplasm (5 damage)
             ... on level 1 of the Dungeon.
             The game lasted 00:01:28 (349 turns).

Dorkslayer the Trooper (Gargoyle Fighter)            Turns: 349, Time: 00:01:29

Health: -2/19      AC:  9    Str: 19    XL:     2   Next: 29%
Magic:  2/2        EV:  6    Int:  8    God:
Gold:   24         SH:  4    Dex:  9    Spells: 1/1 levels left

rFire   . . .      SeeInvis .    a - +0 war axe
rCold   . . .      Faith    .    c - +0 buckler
rNeg    + . .      Spirit   .    b - +0 scale mail
rPois   ∞          Reflect  .    (no helmet)
rElec   +          Rampage  .    (no cloak)
rCorr   .                        (no gloves)
Will    .....                    (no boots) Stlth
                                 (no amulet)
HPRegen 0.23/turn                (no ring)
MPRegen 0.08/turn                (no ring)

@: constricted
A: sickness immunity, AC +2, negative energy resistance 1, electricity
resistance, torment resistance 1, petrification resistance
a: no special abilities


You were on level 1 of the Dungeon.
You visited 1 branch of the dungeon, and saw 1 of its levels.

You collected 24 gold pieces.

Inventory:

Hand Weapons
 a - a +0 war axe (weapon)
Armour
 b - a +0 scale mail (worn)
 c - a +0 buckler (worn)
Scrolls
 e - 2 scrolls of magic mapping {unknown}
Potions
 d - a potion of might


   Skills:
 + Level 3.5 Fighting
 + Level 1.8 Axes
 + Level 3.4 Armour
 * Level 0.3 Dodging
 + Level 3.4 Shields


You had one spell level left.
You didn't know any spells.
Your spell library was empty.

Dungeon Overview and Level Annotations

Branches:
Dungeon (1/15)

Altars:


Innate Abilities, Weirdness & Mutations

You are immune to sickness and miasma.
Your stone body is resilient. (AC +2)
You are immune to poison.
You resist negative energy. (rN+)
You are resistant to electric shocks. (rElec)
You are resistant to unholy torment.
You are immune to petrification.


Message History

You barely miss the kobold.
The kobold is severely wounded.
You barely miss the frilled lizard.
The frilled lizard bites you but does no damage.
The kobold hits you but does no damage.
You closely miss the kobold.
The kobold is severely wounded.
You slash the frilled lizard!
You kill the frilled lizard!
The kobold hits you but does no damage. The endoplasm hits you.
You block the kobold's attack.
You closely miss the kobold.
The kobold is severely wounded.
You hit the endoplasm.
A ball python comes into view.
The endoplasm freezes you.
You are frozen.
The kobold closely misses you.
You completely miss the endoplasm.
The endoplasm is lightly wounded.
You hit the kobold but do no damage.
The endoplasm hits you but does no damage.
The kobold closely misses you. You block the kobold's attack.
The endoplasm freezes you.
You are frozen.
You closely miss the ball python. You hit the endoplasm but do no damage.
You closely miss the kobold. The ball python bites you.
The ball python grabs you. The ball python constricts you.
The kobold hits you with a +0 whip.
* * * LOW HITPOINT WARNING * * *
The endoplasm hits you but does no damage.
The ball python bites you but does no damage.
The ball python constricts you.
You barely miss the endoplasm.
The endoplasm is lightly wounded.
You closely miss the ball python. You closely miss the kobold.
The kobold hits you with a +0 whip.
* * * LOW HITPOINT WARNING * * *
The endoplasm freezes you.
You are frozen.
You die...

#..## #..###..#...
####..# ##.#.#..'...
##.....## #..##..#...
###...##..####.##+#####
#.......#..####.# #
#.#...#.#...##### #
#.#...#.#.#...### #
#)#..).S........# #
#.#..J@K...##.....
#.##.####.## .....
#....# #... .... ##.##.
.##..[ ... #. g .
....... # . l ... JK
...


You could see an endoplasm, a ball python and a kobold.

Vanquished Creatures
  An endoplasm (D:1)
  2 hobgoblins (D:1)
  A kobold (D:1)
  A quokka (D:1)
  2 ball pythons (D:1)
  A bat (D:1)
  2 frilled lizards (D:1)
  A goblin (D:1)
11 creatures vanquished.

Notes
Turn   | Place    | Note
-------+----------+-------------------------------------------
     0 | D:1      | Dorkslayer the Gargoyle Fighter began the quest for the
                  | Orb.
     0 | D:1      | Reached XP level 1. HP: 14/14 MP: 1/1
   235 | D:1      | Reached XP level 2. HP: 18/19 MP: 2/2
   349 | D:1      | Frozen to death by an endoplasm

Illustrated notes

Levels and vault maps discovered:
D:1:      arrival_zaba_pyramid, layout_loops_corners, minmay_hexomino_c4

Action                     || total
---------------------------++-------
  Melee: War axe           ||    27
 Armour: Scale mail        ||    26
  Dodge: Dodged            ||    19
  Block: Buckler           ||     6

Table legend: (Time is in decaauts)
 A = Elapsed time spent in this place.
 B = Non-inter-level travel time spent in this place.
 C = Inter-level travel time spent in this place.
 D = Time resting spent in this place.
 E = Time spent auto-exploring this place.
 F = Levels seen in this place.
 G = Mean time per level.
                   A        B        C        D        E       F      G
               +--------+--------+--------+--------+--------+-----+--------+
         Total |    360 |    360 |      0 |      0 |    169 |   1 |  360.0 |
       Dungeon |    360 |    360 |      0 |      0 |    169 |   1 |  360.0 |
               +--------+--------+--------+--------+--------+-----+--------+

Top non-repeatable levels by time:
     D:1: 360 daAuts
